AoeStats
← Jan_Rui

Lombardia

510112247Analyzed
4v4 RM · 4d ago on Sep 29, 2026· 53m 45s· 8 players
Game mode
Random Map
Map size
Large (8 player)
Population
200
Speed
Normal
Resources
Standard
Victory
Conquest
Starting age
Dark Age
Ending age
Imperial Age
RankedLock teamsTeams togetherTeam positionsShared explorationLock speedFull tech treeHidden civsTurbo modeCheats
Victory
Defeat
🇩🇪 Italians · Germany
1081
+15
🇨🇳 Romans · China
1051
+16
🇨🇴 Saracens · Colombia
1030
+17
🇨🇳 Magyars · China
1022
+17
🇫🇷 Japanese · France
1061
-17
🇬🇧 Goths · United Kingdom
1061
-17
🇬🇧 Persians · United Kingdom
1056
-16
🇫🇷 Koreans · France
1030
-15
i aM Dixon x
11:07 Feudal Age
12:24 Double-Bit Axe
16:56 Castle Age
16:29 Wheelbarrow
15:40 Loom
16:25 Horse Collar
20:32 Hand Cart
25:06 Bow Saw
25:08 Heavy Plow
28:52 Gold Mining
31:34 Gold Shaft Mining
34:37 Imperial Age
31:58 Town Watch
32:36 Fletching
32:47 Padded Archer Armor
32:54 Town Patrol
32:50 Stone Mining
33:58 Forging
33:54 Scale Barding Armor
34:55 Bloodlines
34:46 Husbandry
34:20 Cavalier
35:39 Iron Casting
35:21 Masonry
35:07 Murder Holes
35:35 Conscription
36:14 Chain Barding Armor
37:50 Blast Furnace
36:41 Savar
38:08 Plate Barding Armor
39:14 Hoardings
39:02 Bodkin Arrow
39:12 Light Cavalry
40:02 Hussar
40:26 Heavy Camel Rider
42:11 Caravan
42:41 Coinage
42:47 Architecture
42:38 Leather Archer Armor
44:09 Chemistry
43:34 Ballistics
42:47 Sappers
BlueBoss
2:07 Loom
10:21 Feudal Age
10:55 Double-Bit Axe
20:39 Castle Age
22:57 Wheelbarrow
22:29 Horse Collar
24:52 Heavy Plow
25:03 Bow Saw
26:13 Hand Cart
27:10 Gold Mining
27:11 Stone Mining
29:01 Stone Shaft Mining
29:01 Gold Shaft Mining
31:55 Fletching
31:37 Elite Skirmisher
38:20 Imperial Age
35:48 Town Watch
38:16 Pikeman
38:57 Squires
39:10 Halberdier
40:01 Forging
39:52 Scale Mail Armor
39:48 Bodkin Arrow
40:55 Chemistry
40:15 Ballistics
41:44 Fortified Wall
44:40 Conscription
44:21 Bracer
46:33 Eupseong
48:10 Two-Man Saw
49:51 Chain Mail Armor
50:12 Iron Casting
NoobPwner
0:42 Loom
10:59 Feudal Age
11:32 Double-Bit Axe
16:06 Forging
18:14 Castle Age
16:45 Bloodlines
16:58 Scale Barding Armor
21:20 Wheelbarrow
22:52 Hand Cart
22:30 Horse Collar
25:08 Iron Casting
24:04 Light Cavalry
26:49 Heavy Plow
30:34 Gold Mining
34:26 Imperial Age
31:42 Town Watch
32:24 Anarchy
32:29 Squires
32:31 Scale Mail Armor
34:50 Chain Mail Armor
36:34 Blast Furnace
35:57 Conscription
34:57 Elite Huskarl
36:46 Perfusion
38:28 Crop Rotation
38:11 Bow Saw
37:54 Pikeman
Fëanor
6:56 Loom
11:32 Feudal Age
12:05 Horse Collar
12:12 Double-Bit Axe
20:25 Castle Age
19:49 Gold Mining
21:38 Wheelbarrow
21:31 Bow Saw
22:26 Gold Shaft Mining
22:28 Town Watch
22:50 Heavy Plow
24:30 Hand Cart
30:45 Imperial Age
28:29 Stone Mining
28:34 Fletching
29:36 Bodkin Arrow
30:04 Ballistics
29:55 Masonry
30:28 Padded Archer Armor
30:41 Bloodlines
30:33 Husbandry
32:01 Thumb Ring
32:52 Parthian Tactics
33:42 Chemistry
33:35 Bracer
34:38 Leather Archer Armor
36:02 Ring Archer Armor
35:42 Yasama
36:05 Conscription
37:33 Scale Mail Armor
37:43 Forging
37:13 Light Cavalry
37:34 Elite Samurai
38:52 Scale Barding Armor
39:03 Chain Mail Armor
38:59 Squires
38:53 Arson
40:17 Two-Man Saw
40:19 Iron Casting
39:32 Heavy Cavalry Archer
40:58 Kataparuto
42:11 Plate Mail Armor
41:42 Treadmill Crane
43:06 Hoardings
46:29 Blast Furnace
46:04 Fortified Wall
tortodde
10:22 Feudal Age
11:13 Loom
11:22 Loom
11:25 Double-Bit Axe
11:22 Horse Collar
17:38 Castle Age
18:36 Bow Saw
19:28 Heavy Plow
21:58 Gold Mining
25:32 Stone Mining
32:05 Imperial Age
30:41 Wheelbarrow
29:53 Town Watch
30:11 Padded Archer Armor
30:01 Fletching
30:22 Forging
30:12 Scale Mail Armor
31:56 Stone Shaft Mining
31:57 Ballistics
32:14 Leather Archer Armor
31:54 Bodkin Arrow
32:22 Hand Cart
32:08 Town Patrol
33:16 Iron Casting
33:11 Conscription
33:56 Two-Man Saw
33:29 Crop Rotation
34:50 Ring Archer Armor
34:38 Chain Mail Armor
34:49 Bracer
35:54 Chemistry
35:01 Elite Genoese Crossbowman
37:57 Blast Furnace
40:44 Plate Mail Armor
Jan_Rui
10:12 Feudal Age
11:36 Loom
18:39 Castle Age
17:13 Horse Collar
17:20 Double-Bit Axe
18:03 Scale Barding Armor
26:13 Stone Mining
28:25 Bow Saw
28:53 Gold Mining
29:25 Heavy Plow
31:26 Bloodlines
31:16 Husbandry
34:52 Imperial Age
34:39 Ballistics
34:30 Forging
34:10 Fletching
34:41 Chain Barding Armor
35:17 Caravan
36:15 Iron Casting
37:05 Bodkin Arrow
38:34 Chemistry
38:27 Gold Shaft Mining
40:36 Wheelbarrow
39:46 Town Watch
39:31 Elite Mameluke
40:37 Conscription
40:06 Heavy Camel Rider
44:39 Blast Furnace
44:14 Plate Barding Armor
43:40 Bracer
43:40 Padded Archer Armor
46:55 Plate Barding Armor
46:21 Bracer
46:38 Leather Archer Armor
51:21 Ring Archer Armor
king vitt
0:32 Loom
16:08 Feudal Age
17:24 Wheelbarrow
16:38 Double-Bit Axe
16:36 Horse Collar
21:05 Castle Age
22:15 Hand Cart
22:05 Heavy Plow
22:18 Bow Saw
24:27 Gold Mining
29:13 Gold Shaft Mining
33:15 Imperial Age
30:59 Scale Mail Armor
31:09 Forging
30:25 Man-at-Arms
31:06 Squires
31:26 Long Swordsman
32:33 Chain Mail Armor
33:19 Pikeman
34:33 Conscription
34:34 Comitatenses
34:21 Ballistas
34:54 Crop Rotation
35:06 Iron Casting
35:20 Caravan
35:38 Fortified Wall
35:28 Town Watch
36:16 Town Patrol
36:05 Legionary
37:18 Halberdier
39:03 Blast Furnace
39:38 Chemistry
38:59 Ballistics
38:44 Siege Engineers
38:51 Masonry
39:14 Heavy Scorpion
43:46 Architecture
49:10 Coinage
一念风云
0:32 Loom
10:52 Feudal Age
11:40 Town Watch
12:11 Double-Bit Axe
13:22 Wheelbarrow
21:38 Castle Age
20:07 Horse Collar
20:53 Gold Mining
20:59 Stone Mining
25:56 Husbandry
26:06 Bloodlines
30:45 Bloodlines
32:54 Ballistics
32:27 Fletching
32:38 Padded Archer Armor
36:43 Imperial Age
34:38 Bodkin Arrow
35:56 Scale Barding Armor
37:47 Chain Barding Armor
38:04 Heavy Plow
38:40 Bow Saw
39:10 Plate Barding Armor
39:18 Cavalier
46:08 Caravan
47:23 Two-Man Saw
47:30 Bracer
47:46 Leather Archer Armor
48:26 Hand Cart
52:20 Gold Shaft Mining
52:27 Parthian Tactics
52:08 Thumb Ring
54:11 Town Patrol
Connection lost

Rejoining the realm…

Still unreachable

The connection could not be restored.

Session expired

The server has moved on; the page needs a fresh start.